cohdb
Replays
Latest Replays
All Replays
Popular Replays
Top Player Replays
Match Explorer
How It Works
Community
CoH3 Stats
Reddit
Sign in to upload your games and track your stats! →
Sign in with Steam
Match 45882049
Unlisted
Match 45882049
Overview
Messages
Build Orders
End
Kradschützen Motorcycle Team
Selects Armored Support Battlegroup
Panzergrenadier Squad
Panzergrenadier Squad
Panzerpioneer Squad
Construct Light Support Kompanie
Selects Salvage Kits
250 Light Carrier
Construct Mechanized Kompanie
8 Rad Armored Car
Panzerjäger Mechanized Group
Vehicle Survival Package
Selects Veteran Gunners
Support Armor Elements
StuG III D Assault Gun
254 Reconnaissance Tractor
Emergency Repair Kits
Combat Half-tracks
StuG III D Assault Gun
Marder III Tank Destroyer
Selects Flammpanzer III Medium Tank
Construct Panzerarmee Kommand
Flammpanzer III Medium Tank
oziligath
StephennJF
0
0
Comments
sign in to comment!
No comments posted yet!